 Dungeon Crawl Stone Soup version 0.22-a0-443-g17c3723931 (webtiles) character file.

4863 Ordine the Carver (level 10, -1/109 HPs)
             Began as a Formicid Fighter on May 31, 2018.
             Was an Elder of Okawaru.
             Slain by a quokka (3 damage)
             ... on level 8 of the Dungeon.
             The game lasted 00:20:48 (7640 turns).

Ordine the Carver (Formicid Fighter)                Turns: 7640, Time: 00:20:49

Health: -1/109     AC: 30    Str: 26    XL:     10   Next: 78%
Magic:  12/12      EV:  2    Int: 10    God:    Okawaru [****..]
Gold:   344        SH: 12    Dex: 11    Spells: 9/9 levels left

rFire    . . .     SeeInvis .   a - +1 long sword
rCold    . . .     Gourm    .   c - +0 shield
rNeg     + + +     Faith    .   (armour currently unavailable)
rPois    +         Spirit   .   (helmet unavailable)
rElec    .         Reflect  .   (cloak currently unavailable)
rCorr    .         Harm     .   (gloves currently unavailable)
MR       +....                  (boots currently unavailable)
Stlth    ++........             (no amulet)
HPRegen  0.28/turn              d - +5 ring of protection
MPRegen  0.13/turn              (no ring)

@: mighty, tree-form
A: permanent stasis, dig shafts and tunnels, four strong arms
a: Heroism, Renounce Religion


You were on level 8 of the Dungeon.
You worshipped Okawaru.
Okawaru was greatly pleased with you.
You were near starving.
You were a tree.
You visited 2 branches of the dungeon, and saw 9 of its levels.

You collected 372 gold pieces.
You spent 28 gold pieces at shops.

Inventory:

Hand Weapons
 a - a +1 long sword (weapon)
 b - a +2 dagger of draining
Missiles
 k - 33 poisoned needles
 y - 3 curare-tipped needles
Armour
 c - a +0 shield (worn)
 g - a +0 pair of boots (melded)
 m - a +0 pair of gloves (melded)
 o - a +2 ring mail of fire resistance (melded)
 v - a scarf of cloud immunity (melded)
Magical Staves
 n - an uncursed staff of air
 t - an uncursed staff of power
 E - an uncursed staff of earth
Jewellery
 d - a +5 ring of protection (left branch)
Wands
 G - a wand of acid (8)
Scrolls
 e - 3 scrolls of magic mapping
 i - 3 scrolls of amnesia
 j - a scroll of immolation
 r - 2 scrolls of remove curse
 D - a scroll of fear
Potions
 h - a potion of flight
 l - 3 potions of agility
 s - a potion of resistance
 u - a potion of cancellation {unknown}
 x - a potion of brilliance
 z - a potion of haste {unknown}
 A - a potion of magic
 B - a potion of mutation {unknown}
Comestibles
 f - 16 rations


   Skills:
 + Level 4.6 Fighting
 * Level 10.7 Long Blades
 + Level 3.6 Throwing
 + Level 4.6 Armour
 + Level 2.4 Dodging
 + Level 3.6 Stealth
 - Level 9.0 Shields
 + Level 3.2 Invocations
 + Level 3.1 Evocations


You had 9 spell levels left.
You didn't know any spells.
Your spell library was empty.

Dungeon Overview and Level Annotations

Branches:
Dungeon (8/15)             Temple (1/1) D:4
   Lair: D:8-11

Altars:
Ashenzari
Cheibriados
Dithmenos
Elyvilon
Fedhas
Gozag
Hepliaklqana
Kikubaaqudgha
Nemelex Xobeh
Okawaru
Qazlal
Ru
Sif Muna
Trog
Uskayaw
Vehumet
Wu Jian
Yredelemnul
Zin
The Shining One

Shops:
D:6 !   D:7 =


Innate Abilities, Weirdness & Mutations

You cannot be hasted, slowed, berserked, paralysed or teleported.
You can dig through walls and to a lower floor.
Your four strong arms can wield two-handed weapons with a shield.
((You have a pair of large antennae on your head. (SInv)))


Message History

You kill the rat!
Okawaru accepts your kill.
You slash the rat!
You kill the rat!
Okawaru accepts your kill.
You are struck by the porcupine's spines.
* * * LOW HITPOINT WARNING * * *
You slash the porcupine!
The porcupine is almost dead.
You block the porcupine's attack.
You slash the porcupine!
You kill the porcupine!
Okawaru accepts your kill.
You completely miss the rat. You block the rat's attack.
You slice the rat!!
You kill the rat!
You hit the quokka.
The quokka is almost dead.
The quokka bites you.
You die...

.# #.............# .#
#.####...###+#### .#
#...# ......[. ##
#)#.##........ ###
#.#..#........ ###....#.
#. #.#..#.......r
......... ..
..#...#...Y.{
.........#.#.####r#.#...
######..........♣##Y#.#
######.#.#...###.##...#
..................##..# {
######.#.#...###..##..#
#......#..........###{.
.........#......#.###...
#.########.#........#....
#.# ).......###.#.##....
..######.#.#..# .#.#
..#..


You could see a quokka.

Vanquished Creatures
  3 death yaks (D:8)
  Pikel (D:5)
  A hippogriff (D:7)
  A steam dragon (D:8)
  Menkaure (D:5)
  2 porcupines (D:8)
  2 ice beasts
  2 orc warriors
  An ogre (D:4)
  2 phantoms
  The ghost of Slothtographer the Cudgeler, an amateur DsGl (D:3)
  A big kobold (D:8)
  2 bullfrogs
  A scorpion (D:7)
  3 crimson imps
  3 bullfrog zombies
  A jelly (D:8)
  3 orc priests
  A hound (D:5)
  3 orc wizards
  4 iguanas
  8 worker ants
  A hound zombie (D:7)
  2 hound skeletons
  A howler monkey zombie (D:6)
  A worker ant zombie (D:6)
  3 gnolls (D:7)
  11 adders
  A shadow imp (D:7)
  An ooze (D:1)
  3 adder skeletons
  5 worms
  2 leopard geckos
  19 orcs
  6 giant cockroaches
  9 goblins
  4 hobgoblins
  8 jackals
  5 quokkas
  A ball python (D:2)
  A ball python skeleton (D:5)
  10 bats
  8 frilled lizards
  A giant cockroach zombie (D:6)
  12 kobolds
  A leopard gecko skeleton (D:7)
  A quokka zombie (D:6)
  13 rats
177 creatures vanquished.

Vanquished Creatures (others)
  A jelly (D:5)
  An adder skeleton (D:5)
  A worm (D:5)
  A leopard gecko (D:5)
4 creatures vanquished.

Grand Total: 181 creatures vanquished

Notes
Turn   | Place    | Note
-------+----------+-------------------------------------------
     0 | D:1      | Ordine the Formicid Fighter began the quest for the Orb.
     0 | D:1      | Reached XP level 1. HP: 18/18 MP: 1/1
   145 | D:1      | Reached XP level 2. HP: 21/24 MP: 2/2
   595 | D:1      | Reached XP level 3. HP: 29/29 MP: 3/3
   627 | D:2      | Reached skill level 3 in Long Blades
   664 | D:2      | Found a white marble altar of Elyvilon.
   954 | D:2      | Reached XP level 4. HP: 16/35 MP: 4/4
  1522 | D:3      | Found a faded altar of an unknown god.
  1670 | D:3      | Reached skill level 4 in Long Blades
  1670 | D:3      | Reached XP level 5. HP: 21/41 MP: 5/5
  2393 | D:3      | Noticed Slothtographer's ghost (amateur DsGl)
  2404 | D:3      | Killed Slothtographer's ghost
  2404 | D:3      | Reached skill level 5 in Long Blades
  2404 | D:3      | Reached skill level 5 in Shields
  2404 | D:3      | Reached XP level 6. HP: 44/47 MP: 6/6
  2433 | D:3      | Found a sacrificial altar of Ru.
  3180 | D:4      | Found an iron altar of Okawaru.
  3190 | D:4      | Reached XP level 7. HP: 47/52 MP: 7/7
  3254 | D:4      | Became a worshipper of Warmaster Okawaru
  3265 | D:4      | Reached skill level 6 in Long Blades
  3582 | D:4      | Found a staircase to the Ecumenical Temple.
  3721 | Temple   | Entered the Ecumenical Temple
  4222 | D:5      | Entered Level 5 of the Dungeon
  4347 | D:5      | Found a shattered altar of Ashenzari.
  4381 | D:5      | Noticed Pikel
  4394 | D:5      | Killed Pikel
  4394 | D:5      | Reached * piety under Okawaru
  4394 | D:5      | Reached skill level 8 in Long Blades
  4394 | D:5      | Reached XP level 8. HP: 44/58 MP: 8/8
  4445 | D:5      | Reached ** piety under Okawaru
  4765 | D:5      | Noticed Menkaure
  4774 | D:5      | Killed Menkaure
  4912 | D:5      | Found an opulent altar of Gozag.
  5014 | D:6      | Reached XP level 9. HP: 53/64 MP: 9/9
  5086 | D:6      | Found a snail-covered altar of Cheibriados.
  5168 | D:6      | Found a basalt altar of Yredelemnul.
  5241 | D:6      | Reached skill level 9 in Long Blades
  5310 | D:6      | Found Caipt's Distillery.
  5486 | D:6      | Reached *** piety under Okawaru
  5568 | D:6      | Found a hazy altar of Hepliaklqana.
  6011 | D:7      | Reached skill level 1 in Throwing
  6287 | D:7      | Found Hetig's Jewellery Boutique.
  6290 | D:7      | Bought a cursed amulet of inaccuracy for 28 gold pieces
  6449 | D:7      | Found an ancient bone altar of Kikubaaqudgha.
  6450 | D:7      | Noticed a hippogriff
  6465 | D:7      | Killed a hippogriff
  6507 | D:7      | Reached skill level 10 in Long Blades
  6595 | D:7      | Found a shadowy altar of Dithmenos.
  7001 | D:8      | Reached skill level 1 in Stealth
  7001 | D:8      | Reached skill level 1 in Invocations
  7001 | D:8      | Reached skill level 1 in Evocations
  7383 | D:8      | Got a crude flail
  7443 | D:8      | Identified the +3 flail of the Common Good {antimagic, Fragile rC+ rN+ Dex+2} (You found it on level 8 of the Dungeon)
  7528 | D:8      | Reached skill level 1 in Dodging
  7568 | D:8      | Reached XP level 10. HP: 71/71 MP: 9/11
  7569 | D:8      | Noticed a death yak
  7580 | D:8      | Noticed a death yak
  7581 | D:8      | Noticed a death yak
  7598 | D:8      | Killed a death yak
  7598 | D:8      | Reached **** piety under Okawaru
  7609 | D:8      | Killed a death yak
  7630 | D:8      | Killed a death yak
  7636 | D:8      | HP: 1/109 [porcupine's spines (10)]
  7640 | D:8      | Slain by a quokka

Vault maps used:
D:1:      scummos_arrival_star, grunt_decor_cap
D:2:      lemuel_round_altar
D:3:      nicolae_ru_path_of_blood, chequers_ecumenical_altar_simple_redux,
          first_ration
D:4:      minmay_temple_entry_enclosed_plants, kennysheep_okawaru_gauntlet
D:5:      cheibrodos_ashenzari_chains, nicolae_gozag_seed_capital, uniq_pikel,
          uniq_menkaure
D:6:      yredelemnul_altar_generic, kennysheep_little_box, basic_altar,
          serial_undead, serial_undead_a, serial_undead_a, serial_undead_e,
          serial_undead_b, serial_undead_f, serial_shops, shop, minmay_holes,
          minmay_door_square, feat_on_display
D:7:      grunt_dithmenos_shadows, lemuel_doored_altar, serial_shops,
          kennysheep_mini
D:8:      kennysheep_kobold_camp, grunt_temple_overflow_champion_of_chaos,
          dpeg_lair_monsters
Temple:   hc_temple_tempest_star

Skill      XL: |  1  2  3  4  5  6  7  8  9 10 |
---------------+-------------------------------+-----
Shields        | 4 5 7 8 9 |  9.0
Long Blades    | 3 4 5 8 10 | 10.7
Throwing       | 2 3 |  3.6
Stealth        | 1 3 |  3.6
Invocations    | 1 3 |  3.2
Evocations     | 1 3 |  3.1
Dodging        | 1 2 |  2.4
Fighting       | 4 |  4.6
Armour         | 4 |  4.6

Action                   |  1- 3 |  4- 6 |  7- 9 | 10-12 || total
-------------------------+-------+-------+-------+-------++-------
Melee: Long sword        |   122 |   186 |   432 |    58 ||   798
Invok: Heroism           |       |       |     1 |     1 ||     2
  Use: Scroll            |     5 |     3 |     9 |       ||    17
       Potion            |       |     2 |     1 |     5 ||     8
  Eat: Chunk             |       |     8 |    13 |       ||    21
Armor: Scale mail        |     8 |       |       |       ||     8
       Chain mail        |    46 |       |       |       ||    46
       Ring mail         |    13 |    80 |   126 |     8 ||   227
       Skin              |       |       |       |     1 ||     1
Dodge: Dodged            |    40 |    98 |   111 |     9 ||   258
Block: Shield            |    64 |    90 |   133 |    23 ||   310
       Buckler           |       |    10 |    23 |       ||    33
       Rpst.: Long sword |    11 |    36 |    47 |     3 ||    97

Table legend:
 A = Spawn XP
 B = Non-spawn XP
 C = Spawn XP percentage of total XP
 D = Spawn monster count
 E = Non-spawn monster count
 F = Spawn count percentage of total count
 G = Total turns spent on level
                    A         B        C        D         E        F      G
               +---------+---------+-------+---------+---------+-------+---------
         Total |       0 |    6948 |   0.0 |       0 |     177 |   0.0 |  7640
               +---------+---------+-------+---------+---------+-------+---------
           D:1 |       0 |      30 |   0.0 |       0 |      18 |   0.0 |   618
           D:2 |       0 |      63 |   0.0 |       0 |      23 |   0.0 |   894
           D:3 |       0 |     225 |   0.0 |       0 |      29 |   0.0 |  1300
           D:4 |       0 |     530 |   0.0 |       0 |      26 |   0.0 |  1311
           D:5 |       0 |    1062 |   0.0 |       0 |       9 |   0.0 |   774
           D:6 |       0 |     458 |   0.0 |       0 |      15 |   0.0 |   661
           D:7 |       0 |    1079 |   0.0 |       0 |      30 |   0.0 |  1163
           D:8 |       0 |    3501 |   0.0 |       0 |      27 |   0.0 |   820
               +---------+---------+-------+---------+---------+-------+---------
